 Dungeon Crawl Stone Soup version 0.21-a0-450-gd87a9b2 (webtiles) character file.

67 slep the Skirmisher (level 3, -4/30 HPs)
             Began as a Demonspawn Monk on Nov 20, 2017.
             Slain by a worm (5 damage)
             ... on level 2 of the Dungeon.
             The game lasted 00:06:29 (1196 turns).

slep the Skirmisher (Demonspawn Monk)               Turns: 1196, Time: 00:06:30

Health: -4/30      AC:  3    Str: 11    XL:     3   Next: 98%
Magic:  3/3        EV: 13    Int: 11    God:
Gold:   61         SH:  3    Dex: 16    Spells: 2/2 levels left

rFire    . . .     SeeInvis .   a - +0 falchion
rCold    . . .     Gourm    .   m - +0 buckler
rNeg     . . .     Faith    .   b - +0 robe
rPois    .         Spirit   .   f - +0 helmet
rElec    .         Reflect  .   (no cloak)
rCorr    .         Harm     .   (no gloves)
MR       .....                  (no boots)
Stlth    ++........             (no amulet)
HPRegen  0.10/turn              i - ring of flight
MPRegen  0.08/turn              (no ring)

@: no status effects
A: demonic guardian 1
a: Evoke Flight


You were on level 2 of the Dungeon.
You were not hungry.

You visited 1 branch of the dungeon, and saw 2 of its levels.

You collected 61 gold pieces.

Inventory:

Hand Weapons
 a - a +0 falchion (weapon)
 h - a +0 dagger of venom
 l - a -2 hunting sling
Missiles
 j - 8 sling bullets
Armour
 b - a +0 robe (worn)
 f - a +0 helmet (worn)
 m - a +0 buckler (worn)
Jewellery
 i - a ring of flight (left hand)
Scrolls
 d - a scroll of identify
 e - a scroll of blinking
 k - a scroll of teleportation {unknown}
 n - a scroll of magic mapping {unknown}
Comestibles
 c - a bread ration
 g - a chunk of flesh


   Skills:
 + Level 3.8 Fighting
 + Level 3.1 Long Blades
 + Level 1.2 Slings
 + Level 3.0 Dodging
 + Level 2.0 Stealth


You had 2 spell levels left.
You didn't know any spells.

Dungeon Overview and Level Annotations

Branches:
Dungeon (2/15)

Altars:
Ashenzari
Hepliaklqana
Kikubaaqudgha
Qazlal


Innate Abilities, Weirdness & Mutations

A weak demonic guardian rushes to your aid.


Message History

You barely miss the worm. The worm bites you.
You hit the worm.
The worm is moderately wounded.
The worm bites you!
You hit the worm.
The worm is heavily wounded.
You hit the worm.
The worm is severely wounded.
The worm bites you!
* * * LOW HITPOINT WARNING * * *
You completely miss the worm.
The worm is severely wounded.
The worm bites you.
* * * LOW HITPOINT WARNING * * *
You hit the worm.
The worm is severely wounded.
You barely miss the worm.
The worm is severely wounded.
The worm bites you.
You die...

##.##..###.###.#.......
#..###...#...#..###...#
...#
###.###..#.........
..## #.####...#####..#
..# #........#####...
### #######....(.....
..# ##.......#. ..#
#......... ...
##@....... #.$
#w......## . .........#
###......... #.########
#. #. #.


You could see a worm.

Vanquished Creatures
  3 adders (D:2)
  2 oozes
  A dart slug (D:2)
  A leopard gecko (D:1)
  4 bats (D:1)
  A giant cockroach (D:1)
  4 goblins
  A hobgoblin (D:1)
  6 kobolds
  4 frilled lizards
  4 rats
31 creatures vanquished.

Notes
Turn   | Place    | Note
-------+----------+-------------------------------------------
     0 | D:1      | slep the Demonspawn Monk began the quest for the Orb.
     0 | D:1      | Reached XP level 1. HP: 18/18 MP: 1/1
   115 | D:1      | Gained mutation: A weak demonic guardian rushes to your aid. [demonic ancestry]
   115 | D:1      | Reached XP level 2. HP: 21/24 MP: 2/2
   626 | D:2      | Reached XP level 3. HP: 29/29 MP: 3/3
  1031 | D:2      | Reached skill level 1 in Slings
  1057 | D:2      | Found a hazy altar of Hepliaklqana.
  1059 | D:2      | Found an ancient bone altar of Kikubaaqudgha.
  1061 | D:2      | Found a stormy altar of Qazlal.
  1081 | D:2      | Found a shattered altar of Ashenzari.
  1194 | D:2      | HP: 1/30 [worm (2)]
  1196 | D:2      | Slain by a worm

Vault maps used:
D:1:      lemuel_arrival_cross
D:2:      nicolae_overflow_quartered_altars, kennysheep_generic_room_6,
          uniq_crazy_yiuf_cottage

Skill      XL: |  1  2  3 |
---------------+----------+-----
Long Blades    | 3 |  3.1
Dodging        | 3 |  3.0
Stealth        | 2 |  2.0
Slings         | 1 |  1.2
Fighting       | |  3.8

Action                   || total
-------------------------++-------
Melee: Falchion          ||    95
       Hunting sling     ||    24
       Dagger            ||     5
 Fire: Hunting sling     ||    34
  Use: Scroll            ||     2
 Stab: Sleeping          ||     3
  Eat: Chunk             ||     1
Armor: Robe              ||    36
Dodge: Dodged            ||   111
Block: Buckler           ||     8
       Rpst.: Falchion   ||    28

Table legend:
 A = Spawn XP
 B = Non-spawn XP
 C = Spawn XP percentage of total XP
 D = Spawn monster count
 E = Non-spawn monster count
 F = Spawn count percentage of total count
 G = Total turns spent on level
                    A         B        C        D         E        F      G
               +---------+---------+-------+---------+---------+-------+---------
         Total |       0 |      96 |   0.0 |       0 |      31 |   0.0 |  1196
               +---------+---------+-------+---------+---------+-------+---------
           D:1 |       0 |      40 |   0.0 |       0 |      21 |   0.0 |   954
           D:2 |       0 |      56 |   0.0 |       0 |      10 |   0.0 |   242
               +---------+---------+-------+---------+---------+-------+---------
